 Dungeon Crawl Stone Soup version 0.31-a0-995-g04711c9635 (webtiles) character file.

Game seed: 16158018675300740754

38065 BinkBink the Protected (level 13, -3/124 HPs)
             Began as a Minotaur Fighter on Nov 6, 2023.
             Was a Follower of the Shining One.
             Killed from afar by a frost giant (28 damage)
             ... with a bolt of cold
             ... created by the fury of Okawaru
             ... on level 2 of the Orcish Mines.
             The game lasted 00:39:11 (15878 turns).

BinkBink the Protected (Minotaur Fighter)          Turns: 15878, Time: 00:39:13

Health: -3/124     AC: 24    Str: 18    XL:     13   Next: 61%
Magic:  12/12      EV: 18    Int: 15    God:    the Shining One [*.....]
Gold:   883        SH: 11    Dex: 17    Spells: 12/12 levels left

rFire   . . .        d - +4 double sword (flame)
rCold   . . .        P - +0 kite shield
rNeg    . . .        H - +3 troll leather armour of the Destroying Gods {Regen+ Int+4}
rPois   .            (helmet restricted)
rElec   .            S - +0 cloak of the Jackalope {Str-4 Int+6 Dex+3 Stlth+}
rCorr   .            E - +2 pair of gloves of the Merchant {Regen+ SInv}
SInv    +            h - +2 pair of boots {rampage}
Will    .....        F - amulet of regeneration
Stlth   +            t - +4 ring of protection
HPRegen 2.80/turn    L - +4 ring of protection
MPRegen 0.13/turn

%: rampage
@: hasted, glowing, very quick
A: horns 2, retaliatory headbutt
a: Renounce Religion, Divine Shield


You were on level 2 of the Orcish Mines.
You worshipped the Shining One.
The Shining One was aware of your devotion.
You visited 3 branches of the dungeon, and saw 16 of its levels.
You also visited: Sewer, Bailey and Ice Cave.

You collected 1562 gold pieces.
You spent 679 gold pieces at shops.

Inventory:

Hand Weapons
 a - a +0 long sword
 d - a +4 double sword of flaming (weapon)
 e - a +0 short sword of venom
 o - a +2 triple crossbow of flaming
 p - a +3 great sword of draining
 G - the +7 triple sword of the Invisible Tables {speed, *Noise rCorr Stlth+}
   (Okawaru gifted it to you in an ice cave)

   *Noise:    It may make a loud noise when swung.
   rCorr:     It protects you from acid and corrosion.
   Stlth+:    It makes you more stealthy.
Armour
 h - a +2 pair of boots of rampaging (worn)
 E - the +2 pair of gloves of the Merchant (worn) {Regen+ SInv}
   (You acquired it on level 9 of the Dungeon)

   SInv:      It lets you see invisible.
   Regen+:    It increases your rate of health regeneration.
 H - the +3 troll leather armour of the Destroying Gods (worn) {Regen+ Int+4}
   (You bought it in a shop on level 3 of the Dungeon)

   Int+4:     It affects your intelligence (+4).
   Regen+:    It increases your rate of health regeneration.
 P - a +0 kite shield (worn)
 S - the +0 cloak of the Jackalope (worn) {Str-4 Int+6 Dex+3 Stlth+}
   (Okawaru gifted it to you on level 1 of the Orcish Mines)

   Str-4:     It affects your strength (-4).
   Int+6:     It affects your intelligence (+6).
   Dex+3:     It affects your dexterity (+3).
   Stlth+:    It makes you more stealthy.
Jewellery
 j - an amulet of the acrobat
 t - a +4 ring of protection (left hand)
 D - a ring of protection from fire
 F - an amulet of regeneration (around neck)
 L - a +4 ring of protection (right hand)
 M - the ring of Shadows {Umbra +Inv Stlth+}
   (You found it in an ice cave)

   [ring of stealth]

   Umbra:     It surrounds you with an aura of shadow, increasing your stealth
   and reducing the accuracy of all others within it.
   +Inv:      It lets you turn invisible.
   Stlth+:    It makes you more stealthy.
 O - a ring of poison resistance
 R - the ring of Ilioteti {Int+3 Slay+4}
   (You found it in an ice cave)

   [ring of slaying]

   Int+3:     It affects your intelligence (+3).
   Slay+4:    It affects your accuracy & damage with ranged weapons and melee
   (+4).
Wands
 n - a wand of paralysis (7)
 y - a wand of flame (33)
 C - a wand of iceblast (8)
 I - a wand of mindburst (18)
 N - a wand of polymorph (5)
Scrolls
 f - 3 scrolls of poison
 g - a scroll of butterflies
 i - 2 scrolls of amnesia
 l - a scroll of silence
 r - 3 scrolls of immolation
 v - 2 scrolls of fog
 Q - a scroll of revelation
Potions
 b - 5 potions of degeneration
 c - a potion of attraction {unknown}
 k - 3 potions of lignification
 m - 6 potions of curing
 s - a potion of brilliance {unknown}
 u - a potion of invisibility {unknown}
 z - 2 potions of mutation {unknown}
 A - 3 potions of ambrosia {unknown}
 J - a potion of might


   Skills:
 + Level 14.0 Fighting
 + Level 13.8 Long Blades
 - Level 5.1 Ranged Weapons
 + Level 14.0 Armour
 + Level 12.3 Dodging
 + Level 7.4 Shields


You had 12 spell levels left.
You didn't know any spells.
Your spell library contained the following spells:

 Spells                   Type           Power      Damage    Failure   Level
 Apportation              Tloc           0%         N/A       56%         1
 Sandblast                Erth           0%         2d4       56%         1
 Blink                    Tloc           0%         N/A       71%         2
 Jinxbite                 Hex            0%         N/A       71%         2
 Passwall                 Tmut/Erth      0%         N/A       71%         2
 Dazzling Flash           Conj/Hex       0%         N/A       90%         3
 Ozocubu's Armour         Ice            0%         N/A       90%         3
 Stone Arrow              Conj/Erth      0%         3d7       90%         3
 Animate Armour           Summ/Erth      0%         N/A       100%        4
 Brom's Barrelling Bould  Conj/Erth      0%         2d3       100%        4
 Manifold Assault         Tloc           0%         N/A       100%        4
 Agony                    Necr           0%         N/A       100%        5
 Alistair's Intoxication  Tmut/Pois      0%         N/A       100%        5
 Metabolic Englaciation   Hex/Ice        0%         N/A       100%        5
 Silence                  Hex/Air        0%         N/A       100%        5
 Simulacrum               Ice/Necr       0%         N/A       100%        6
 Lehudib's Crystal Spear  Conj/Erth      0%         10d2      100%        8


Dungeon Overview and Level Annotations

Branches:
Dungeon (13/15)            Temple (1/1) D:5            Lair (0/5) D:8
    Orc (2/2) D:12            Elf (0/3) Orc:2         Sewer (visited)
 Bailey (visited)           IceCv (visited)
 Vaults: D:13-14

Altars:
Ashenzari
Cheibriados
Dithmenos
Elyvilon
Fedhas
Gozag
Hepliaklqana
Kikubaaqudgha
Makhleb
Nemelex Xobeh
Okawaru
Qazlal
Ru
Sif Muna
Trog
Uskayaw
Vehumet
Wu Jian
Xom
Yredelemnul
Zin
The Shining One

Shops:
D:2 !   D:3 (=[   D:4 [   D:10 (   D:12 (

Portals:
Trove: D:10 (give horn of Geryon)

Annotations:
D:5 exclusion: statue


Innate Abilities, Weirdness & Mutations

You have a pair of horns on your head.
You reflexively headbutt those who attack you in melee.


Message History

Your butterfly disappears in a burst of colours!
You swap places.
Something hits your butterfly!
Your butterfly dies!
Your butterfly disappears in a burst of colours!
The deep elf knight hits your butterfly with a +0 long sword!
Your butterfly dies!
Your butterfly disappears in a burst of colours!
The orc wizard barely misses you. You furiously retaliate!
You headbutt the orc wizard! You slash the orc! You burn the orc.
You kill the orc!
The orc no longer looks unusually strong.
The orc priest shouts!
The orc warrior attacks as it pursues you!
You block the orc warrior's attack.
You see here a +0 club.
The ice devil hits you but does no damage.
The orc attacks as it pursues you! The orc hits you but does no damage.
The ice devil attacks as it pursues you!
The ice devil hits you. The ice devil freezes you!!
The orc knight roars a battlecry!
The orcs go into a battle-frenzy!
The orc warrior shouts!
The orc knight roars a battlecry!
The orc priest mumbles some strange prayers to Beogh against you.
Beogh smites you!
* * * LOW HITPOINT WARNING * * *
Okawaru sends forces against you! 5 elves and a frost giant come into view.
The frost giant is wielding a +0 battleaxe of freezing.
The deep elf archer shouts!
The deep elf knight shouts!
Items here: )) [ ÷.
An orc high priest comes into view.
It is wielding a +3 dire flail of distortion and wearing a +0 ring mail of fire resistance.
The orc high priest shouts!
The orc priest shouts!
The orc high priest calls down the wrath of Beogh upon you.
Beogh smites you!
* * * LOW HITPOINT WARNING * * *
The frost giant gestures at you while chanting.
The bolt of cold hits you!!
You die...

...o......§o§e# ##.....
...........§§§##.......o
...o......oooo#.........
..o)........o§#.#.#.#.#.
...)........§e)C........
...)........e§4......o.
...........o..).)......
...........e..#.#.#.#.#.
..........e...#.@.......
..............##......o.
..........e...####......
.......o......# ##....
......oo......# ####
...)........#########
.....................
..........o...........
...........o...........


You could see a frost giant, an orc high priest, 2 deep elf knights, an ice
devil (summoned), an orc priest and an orc.

Vanquished Creatures
  A vault guard (D:10)
  A hydra (D:13)
  7 two-headed ogres
  3 centaur warriors (D:13)
  Erica (D:8)
  2 boulder beetles
  Amaemon (D:8)
  5 skeletal warriors (D:13)
  Pikel (D:7)
  3 orc knights (Orc:2)
  3 deep elf pyromancers (D:13)
  3 cyclopes
  5 ugly things
  A manticore (D:11)
  3 ice statues (IceCv)
  An orange demon (D:8)
  Psyche (D:8)
  Maggie (D:7)
  2 kobold demonologists (Bailey)
  A freezing wraith (IceCv)
  Jeremiah (D:8)
  3 unseen horrors (D:12)
  3 red devils (Orc:1)
  A komodo dragon (D:8)
  8 trolls
  Prince Ribbit (D:7)
  A hornet (D:10)
  4 wraiths
  A basilisk (D:13)
  21 yaks
  A dire elephant simulacrum (IceCv)
  4 wyverns
  A death yak simulacrum (IceCv)
  3 vampire mosquitoes (D:12)
  A warg (D:12)
  A hydra simulacrum (IceCv)
  An acid dragon (D:12)
  A water moccasin (Sewer)
  24 orc warriors
  2 sky beasts (D:7)
  6 ice beasts
  2 black bears
  2 wolves (D:13)
  4 ogres
  9 centaurs
  3 phantoms
  A lemure (D:7)
  3 bullfrogs (D:8)
  4 kobold brigands
  4 scorpions
  2 gnoll sergeants
  A cane toad simulacrum (IceCv)
  11 wights
  4 jellies
  2 elephant simulacra (IceCv)
  4 howler monkeys (D:12)
  4 electric eels
  A gnoll bouda (D:7)
  2 hounds (D:5)
  14 orc priests
  3 iguanas
  18 orc wizards
  A wolf simulacrum (IceCv)
  22 gnolls
  4 adders
  2 shadow imps
  A white imp (D:13)
  4 ufetubi
  4 worms
  A dart slug (D:4)
  53 orcs
  5 endoplasms
  2 giant cockroaches (D:3)
  10 goblins
  17 hobgoblins
  4 jackals (D:1)
  23 kobolds
  5 quokkas
  7 ball pythons
  9 bats
  A rat (D:1)
408 creatures vanquished.

Notes
Turn   | Place    | Note
-------+----------+-------------------------------------------
     0 | D:1      | BinkBink the Minotaur Fighter began the quest for the Orb.
     0 | D:1      | Reached XP level 1. HP: 19/19 MP: 0/0
   208 | D:1      | Reached XP level 2. HP: 27/27 MP: 1/1
   734 | D:2      | Found Opoewk's Distillery.
   755 | D:2      | Reached XP level 3. HP: 24/33 MP: 2/2
  1433 | D:3      | Found Gonothram's Jewellery Shop.
  1467 | D:3      | Found a transporter.
  1683 | D:3      | Reached skill level 1 in Dodging
  1683 | D:3      | Reached XP level 4. HP: 26/40 MP: 3/3
  1852 | D:3      | Found a hide-covered altar of Uskayaw.
  1875 | D:3      | Found Hasipu's Armour Emporium.
  2025 | D:3      | Found a transporter.
  2029 | D:3      | Found Aliul's Weapon Boutique.
  2385 | D:4      | Found a glowing drain.
  2400 | Sewer    | Entered a sewer
  2436 | Sewer    | Noticed a water moccasin
  2449 | Sewer    | Killed a water moccasin
  2450 | Sewer    | Reached XP level 5. HP: 22/47 MP: 4/4
  2869 | D:4      | Reached skill level 5 in Fighting
  2869 | D:4      | Reached skill level 5 in Armour
  2923 | D:4      | Found Caulent's Antique Armour Shoppe.
  2939 | D:4      | Reached XP level 6. HP: 34/56 MP: 5/5
  3205 | D:4      | Reached skill level 5 in Long Blades
  3981 | D:5      | Entered Level 5 of the Dungeon
  3981 | D:5      | Found a staircase to the Ecumenical Temple.
  3990 | Temple   | Entered the Ecumenical Temple
  4002 | Temple   | Reached XP level 7. HP: 35/62 MP: 6/6
  4113 | Temple   | Became a worshipper of Warmaster Okawaru
  4284 | D:5      | Found a radiant altar of Vehumet.
  4435 | D:5      | Reached * piety under Okawaru
  4457 | D:5      | Found a basalt altar of Yredelemnul.
  4458 | D:5      | Found a white marble altar of Elyvilon.
  4491 | D:5      | Reached XP level 8. HP: 47/71 MP: 7/7
  4572 | D:5      | Found a hazy altar of Hepliaklqana.
  4699 | D:5      | Found a glowing silver altar of Zin.
  5137 | D:6      | Reached skill level 5 in Dodging
  5404 | D:7      | Identified the +8 broad axe "Fuakirph" {flame, rN+}
  5657 | D:7      | Reached ** piety under Okawaru
  5707 | D:7      | Noticed Maggie
  5955 | D:7      | Noticed Prince Ribbit
  5980 | D:7      | Killed Prince Ribbit
  5981 | D:7      | Reached XP level 9. HP: 45/81 MP: 8/8
  6216 | D:7      | Noticed Pikel
  6224 | D:7      | Killed Pikel
  6224 | D:7      | Reached *** piety under Okawaru
  6554 | D:7      | Identified a scroll of acquirement
  6554 | D:7      | Acquired a +2 triple crossbow of flaming
  6581 | D:8      | Noticed Amaemon
  6581 | D:8      | Noticed an orange demon
  6581 | D:8      | Noticed Psyche
  6615 | D:7      | Killed Maggie
  6616 | D:7      | Reached skill level 1 in Ranged Weapons
  6742 | D:8      | Noticed Jeremiah
  6871 | D:7      | Reached **** piety under Okawaru
  7001 | D:8      | Found an opulent altar of Gozag.
  7001 | D:8      | Found a sparkling altar of Nemelex Xobeh.
  7092 | D:8      | Noticed Erica
  7361 | D:8      | Identified the +3 war axe of the Wilderness {spect, Dex+2}
  7394 | D:8      | Found a broken altar of Ashenzari.
  7417 | D:8      | Killed Psyche
  7418 | D:8      | Reached XP level 10. HP: 83/91 MP: 9/9
  7514 | D:8      | Killed Amaemon
  7522 | D:8      | Killed an orange demon
  7522 | D:8      | Reached ***** piety under Okawaru
  8024 | D:8      | Received a gift from Okawaru
  8059 | D:8      | Killed Jeremiah
  8246 | D:8      | Killed Erica
  8247 | D:8      | Reached skill level 10 in Fighting
  8247 | D:8      | Reached skill level 10 in Armour
  8379 | D:8      | Found a staircase to the Lair.
  8798 | D:9      | Reached skill level 10 in Long Blades
  9115 | D:9      | Received a gift from Okawaru
  9116 | D:9      | Reached skill level 5 in Ranged Weapons
  9282 | D:9      | Reached XP level 11. HP: 99/101 MP: 10/10
  9288 | D:9      | Acquired the +2 pair of gloves of the Merchant {Regen+
                  | SInv}
  9416 | D:3      | Bought the +3 troll leather armour of the Destroying Gods
                  | {Regen+ Int+4} for 454 gold pieces
  9553 | D:10     | Entered Level 10 of the Dungeon
  9589 | D:10     | Noticed a boulder beetle
  9589 | D:10     | Noticed a two-headed ogre
  9592 | D:10     | Noticed a white ugly thing
  9593 | D:10     | Killed a two-headed ogre
  9602 | D:10     | Killed a white ugly thing
  9617 | D:10     | Killed a boulder beetle
  9691 | D:10     | Received a gift from Okawaru
  9901 | D:10     | Found a flagged portal.
  9910 | Bailey   | Entered a bailey
 10702 | Bailey   | Found an iron altar of Okawaru.
 10707 | Bailey   | Noticed a sun demon
 10956 | D:10     | Identified the +3 hand axe of the Yoke {speed, rC+}
 11070 | D:10     | Reached skill level 10 in Dodging
 11082 | D:10     | Noticed a vault guard
 11091 | D:10     | Killed a vault guard
 11104 | D:10     | Found a portal to a secret trove of treasure.
 11118 | D:10     | Found Jesm's Weapon Shop.
 11452 | D:11     | Noticed a red ugly thing
 11459 | D:11     | Killed a red ugly thing
 11459 | D:11     | Received a gift from Okawaru
 11483 | D:11     | Noticed a two-headed ogre
 11489 | D:11     | Killed a two-headed ogre
 11575 | D:11     | Reached XP level 12. HP: 112/112 MP: 11/11
 11871 | D:11     | Found a sacrificial altar of Ru.
 12283 | D:11     | Acquired a +2 pair of gloves of strength
 12285 | D:11     | Acquired a +2 vampiric double sword
 12355 | D:12     | Noticed a two-headed ogre
 12361 | D:12     | Killed a two-headed ogre
 12433 | D:12     | Found a staircase to the Orcish Mines.
 12466 | D:12     | Received a gift from Okawaru
 12611 | D:12     | Found Qaptomny's Antique Weapon Boutique.
 12928 | D:13     | Noticed a boulder beetle
 12957 | D:13     | Killed a boulder beetle
 13006 | D:13     | Noticed a two-headed ogre
 13016 | D:13     | Killed a two-headed ogre
 13082 | D:13     | Reached skill level 5 in Shields
 13122 | D:13     | Noticed a centaur warrior
 13130 | D:13     | Killed a centaur warrior
 13132 | D:13     | Received a gift from Okawaru
 13133 | D:13     | Noticed a two-headed ogre
 13142 | D:13     | Killed a two-headed ogre
 13142 | D:13     | Reached ****** piety under Okawaru
 13166 | D:13     | Noticed a two-headed ogre
 13175 | D:13     | Killed a two-headed ogre
 13236 | D:13     | Noticed a centaur warrior
 13237 | D:13     | Reached XP level 13. HP: 112/122 MP: 12/12
 13379 | D:13     | Found a frozen archway.
 13392 | IceCv    | Entered an ice cave
 13406 | IceCv    | Acquired the +7 triple sword of the Invisible Tables
                  | {speed, *Noise rCorr Stlth+}
 13406 | IceCv    | Received a gift from Okawaru
 13509 | IceCv    | Found the ring of Shadows {Umbra +Inv Stlth+}
 13840 | IceCv    | Received a gift from Okawaru
 13874 | IceCv    | Identified the ring of Ilioteti {Int+3 Slay+4}
 14275 | Orc:1    | Entered Level 1 of the Orcish Mines
 14295 | Orc:1    | Acquired the +0 cloak of the Jackalope {Str-4 Int+6 Dex+3
                  | Stlth+}
 14295 | Orc:1    | Received a gift from Okawaru
 14315 | Orc:1    | You fall into a shaft and drop 1 floor!
 14315 | Orc:2    | Entered Level 2 of the Orcish Mines
 14693 | Temple   | Fell from the grace of Okawaru
 14693 | Temple   | Became a worshipper of the Shining One
 15174 | D:4      | Bought a pair of glowing boots for 225 gold pieces
 15585 | Orc:2    | Found a staircase to the Elven Halls.
 15622 | Orc:2    | Reached * piety under the Shining One
 15773 | Orc:2    | Noticed a fire giant
 15773 | Orc:2    | Noticed a stone giant
 15847 | Orc:2    | Paralysed by an orc sorcerer for 4 turns
 15876 | Orc:2    | Noticed a deep elf death mage
 15876 | Orc:2    | Noticed a frost giant
 15876 | Orc:2    | Noticed a deep elf blademaster
 15878 | Orc:2    | Killed from afar by a frost giant

Illustrated notes

Levels and vault maps discovered:
D:1:      spicycebolla_green_bress_n_ham, layout_basic, hangedman_feature_mirror
D:2:      layout_rooms, serial_shops, shop, chequers_serial_rivers_micro_a
D:3:      layout_basic, nicolae_uskayaw_suspiria, serial_shops, shop,
          nicolae_shop_gaudy_bauble, nicolae_shop_drivethru
D:4:      wad_crossroads, layout_layer_cave, cheibrodos_sewer_entry_sluice,
          serial_shops, shop, minmay_misc_feat_square
D:5:      layout_basic, mainiacjoe_overflow_brackets,
          grunt_temple_overflow_open, vehumet_statue,
          minmay_temple_entry_butterflies
D:6:      layout_rooms, kennysheep_flooded_box
D:7:      minmay_recursive_quarters, layout_loops_corners, uniq_prince_ribbit1,
          uniq_maggie, uniq_pikel
D:8:      nicolae_cairo_tiling_large, layout_basic,
          grunt_temple_overflow_opulence, kennysheep_little_box,
          david_lair_shrubbed, uniq_jeremiah, uniq_amaemon, uniq_erica,
          uniq_psyche
D:9:      layout_gridville, minmay_misc_feat_nine_boxes
D:10:     kennysheep_blocky_room, layout_irregular_city, serial_shops,
          nicolae_shop_advertising_works [nicolae_subvault_shop_adworks],
          enter_trove_5, enter_bailey_2
D:11:     layout_long_grid, serial_co_window_serial, co_window_paths_b,
          co_window_of_opportunity_a, co_window_paths_a, co_window_paths_b,
          co_window_paths_b, co_window_paths_b, co_window_corner_a,
          co_window_broadway_c, co_window_unsneaky_path_e,
          co_window_unsneaky_path_a, co_window_unsneaky_path_d,
          co_window_broadway_b, co_window_broadway_c, glass_columns_c,
          glass_columns_b, glass_columns_a, glass_columns_a, glass_columns_a,
          nicolae_ru_awakened_eye
D:12:     layout_rooms, erik_orc_3, serial_shops, shop
D:13:     layout_cave_pools, portal_ice_cave_entry_pillars_2, serial_ice,
          serial_ice_d, serial_ice_h, serial_ice_f, serial_ice_k
Temple:   nicolae_temple_bog_church
Orc:1:    layout_diamond_mine, serial_shops, shop,
          einodemon_armed_red_devil_minivault
Orc:2:    st_orc_pillars, layout_caves, nicolae_orc_tapped_out

Skill      XL: |  1  2  3  4  5  6  7  8  9 10 11 12 13 |
---------------+----------------------------------------+-----
Fighting       | 4 5 6 8 9 10 11 13 14 | 14.0
Shields        | 4 5 7 |  7.4
Armour         | 4 5 6 8 9 10 11 13 14 | 14.0
Long Blades    | 3 4 5 6 7 8 10 11 13 | 13.8
Dodging        | 1 2 3 4 6 7 8 10 11 12 | 12.3
Ranged Weapons | 2 5 |  5.1

Action                     |  1- 3 |  4- 6 |  7- 9 | 10-12 | 13-15 || total
---------------------------+-------+-------+-------+-------+-------++-------
  Melee: Long sword        |    10 |       |       |       |       ||    10
         Short sword       |    79 |       |       |       |       ||    79
         Headbutt          |    16 |     8 |    33 |   133 |   100 ||   290
         Great sword       |    13 |    85 |   165 |   324 |       ||   587
         Double sword      |       |       |       |   223 |   331 ||   554
   Fire: Triple crossbow   |       |       |     7 |       |       ||     7
 Invoke: Receive Weapon    |       |       |       |       |     1 ||     1
         Receive Armour    |       |       |       |       |     1 ||     1
    Use: Potion            |       |     5 |     1 |     2 |     3 ||    11
         Scroll            |       |       |    12 |    10 |    12 ||    34
   Stab: Distracted        |       |       |       |       |     1 ||     1
 Armour: Scale mail        |    36 |       |       |       |       ||    36
         Chain mail        |    34 |    91 |   187 |    98 |       ||   410
         Troll leather arm |       |       |       |   280 |   324 ||   604
  Dodge: Dodged            |    34 |    62 |   146 |   394 |   304 ||   940
  Block: Buckler           |    22 |       |       |       |       ||    22
         Kite shield       |       |       |       |   126 |   255 ||   381

Table legend: (Time is in decaauts)
 A = Elapsed time spent in this place.
 B = Non-inter-level travel time spent in this place.
 C = Inter-level travel time spent in this place.
 D = Time resting spent in this place.
 E = Time spent auto-exploring this place.
 F = Levels seen in this place.
 G = Mean time per level.
                   A        B        C        D        E       F      G
               +--------+--------+--------+--------+--------+-----+--------+
         Total |  16057 |  14425 |   1632 |   2016 |   8923 |  19 |  845.1 |
       Dungeon |  13134 |  11589 |   1545 |    842 |   8420 |  13 | 1010.3 |
        Temple |    188 |    144 |     44 |     96 |      0 |   1 |  188.0 |
  Orcish Mines |    884 |    842 |     42 |     34 |    469 |   2 |  442.0 |
         Sewer |    270 |    270 |      0 |    171 |     34 |   1 |  270.0 |
        Bailey |   1057 |   1057 |      0 |    600 |      0 |   1 | 1057.0 |
      Ice Cave |    522 |    522 |      0 |    273 |      0 |   1 |  522.0 |
               +--------+--------+--------+--------+--------+-----+--------+

Top non-repeatable levels by time:
     D:7: 1937 daAuts
     D:4: 1516 daAuts
     D:8: 1297 daAuts
     D:3: 1211 daAuts
     D:9: 1071 daAuts
  Bailey: 1057 daAuts
    D:11: 1007 daAuts
    D:10: 903 daAuts
     D:5: 861 daAuts
    D:13: 784 daAuts
     D:1: 734 daAuts
   Orc:2: 700 daAuts
    D:12: 694 daAuts
     D:6: 645 daAuts
   IceCv: 522 daAuts
